TOP OF THE 1ST |
Iowa Cubs batting - Pitching for Syracuse Chiefs : RHP Dan Johnson
|
Pitching: RHP Dan Johnson
|
|
Batting: RHB Brian Gargis
|
0-0: Ball 1-0: Called Strike 1-1: Ball 2-1: Ground out 5-3 (Groundball, 56, EV 94.4 MPH)
|
Batting: RHB Jon Aguilar
|
0-0: Called Strike 0-1: Ball 1-1: Foul Ball, location: 2F 1-2: Ball 2-2: Strikes out swinging, 2-3 out at first.
|
Batting: LHB Mark Ingram
|
0-0: Fly out, F8 (Flyball, 8RM, EV 74.4 MPH)
|
Top of the 1st over - 0 runs, 0 hits, 0 errors, 0 left on base; Iowa 0 - Syracuse 0 |
BOTTOM OF THE 1ST |
Syracuse Chiefs batting - Pitching for Iowa Cubs : RHP Dustin Buckner
|
Pitching: RHP Dustin Buckner
|
|
Batting: RHB Dusty Ballard
|
0-0: Foul Ball, location: 2F 0-1: Ball 1-1: Ball 2-1: Fly out, F7 (Flyball, 7S, EV 85.0 MPH)
|
Batting: LHB Jae-ik Soung
|
0-0: Ball 1-0: Called Strike 1-1: Called Strike 1-2: Ball 2-2: Ball 3-2: Ground out 6-3 (Groundball, 6, EV 85.6 MPH)
|
Batting: LHB Dillon Gonzalez
|
0-0: Ground out U3 (Groundball, 3, EV 86.9 MPH)
|
Bottom of the 1st over - 0 runs, 0 hits, 0 errors, 0 left on base; Iowa 0 - Syracuse 0 |
TOP OF THE 2ND |
Iowa Cubs batting - Pitching for Syracuse Chiefs : RHP Dan Johnson
|
Batting: RHB Ricardo Aguinaga
|
0-0: Ball 1-0: Foul Ball, location: 2F 1-1: Ball 2-1: Foul Ball, location: 2F 2-2: Strikes out swinging
|
Batting: SHB Gabriel Cruz
|
0-0: Called Strike 0-1: Ball 1-1: Swinging Strike 1-2: Ball 2-2: Ball 3-2: Ground out 4-3 (Groundball, 4, EV 90.6 MPH)
|
Batting: RHB Adam O'Hare
|
0-0: Called Strike 0-1: Called Strike 0-2: Foul Ball, location: 2F 0-2: DOUBLE (Flyball, 8LD, EV 102.5 MPH)
|
Batting: SHB Seung-ho Zhang
|
0-0: Foul Ball, location: 2F 0-1: Ball 1-1: Ball 2-1: Swinging Strike 2-2: Ball 3-2: Ground out 6-3 (Groundball, 6, EV 89.4 MPH)
|
Top of the 2nd over - 0 runs, 1 hit, 0 errors, 1 left on base; Iowa 0 - Syracuse 0 |
BOTTOM OF THE 2ND |
Syracuse Chiefs batting - Pitching for Iowa Cubs : RHP Dustin Buckner
|
Batting: LHB Doug Anderson
|
0-0: Ball 1-0: SINGLE (Line Drive, 9S, EV 91.9 MPH)
|
Batting: RHB Kevin Whitenack
|
0-0: Called Strike 0-1: Fielders Choice at 2nd, 1-6 (Groundball, 13, EV 66.9 MPH)
|
Batting: LHB Tom Reynolds
|
0-0: Called Strike 0-1: Foul Ball, location: 2F 0-2: Reached on error, E5 (Groundball, 56, EV 101.2 MPH) Kevin Whitenack to second
|
Batting: RHB Nate Dickinson
|
0-0: Called Strike 0-1: Called Strike 0-2: Ball 1-2: Ball 2-2: Fly out, F8 (Flyball, 89M, EV 88.1 MPH)
|
Batting: RHB Ryan Hiemer
|
0-0: Called Strike 0-1: Ball 1-1: Fielders Choice at 2nd, 6-4 (Groundball, 6, EV 108.8 MPH)
|
Bottom of the 2nd over - 0 runs, 1 hit, 1 error, 2 left on base; Iowa 0 - Syracuse 0 |
TOP OF THE 3RD |
Iowa Cubs batting - Pitching for Syracuse Chiefs : RHP Dan Johnson
|
Batting: RHB Pat Barton
|
0-0: Ball 1-0: Ground out 6-3 (Groundball, 56D, EV 108.1 MPH)
|
Batting: RHB Rich Thurman
|
0-0: SINGLE (Groundball, 4MD, EV 102.5 MPH)
|
Batting: RHB Brian Gargis
|
0-0: Ball 1-0: Ball 2-0: Called Strike 2-1: Fielders Choice at 2nd, 2-4 (Groundball, 15S, EV 68.1 MPH)
|
Batting: RHB Jon Aguilar
|
0-0: Called Strike 0-1: Called Strike 0-2: Ball 1-2: Ball 2-2: SINGLE (Groundball, 56D, EV 107.5 MPH) Brian Gargis to second Runner from 2nd tries for 3rd, SAFE, no throw by LF
|
Batting: LHB Mark Ingram
|
0-0: Foul Ball, location: 2F 0-1: Ball 1-1: SINGLE (Groundball, 4MD, EV 103.8 MPH) (infield hit) Brian Gargis scores Jon Aguilar to second
|
Batting: RHB Ricardo Aguinaga
|
0-0: Ball 1-0: Ball 2-0: Called Strike 2-1: Fly out, F8 (Flyball, 78D, EV 109.4 MPH)
|
Top of the 3rd over - 1 run, 3 hits, 0 errors, 2 left on base; Iowa 1 - Syracuse 0 |
BOTTOM OF THE 3RD |
Syracuse Chiefs batting - Pitching for Iowa Cubs : RHP Dustin Buckner
|
Batting: RHB Gabe Almazan
|
0-0: Ball 1-0: Called Strike 1-1: Foul Ball, location: 2F 1-2: Strikes out swinging, 2-3 out at first.
|
Batting: RHB Dusty Ballard
|
0-0: Swinging Strike 0-1: Ball 1-1: Reached on error, E6 (Groundball, 6M, EV 87.5 MPH)
|
Batting: LHB Jae-ik Soung
|
0-0: Ball 1-0: Foul Ball, location: 2F 1-1: Ball 2-1: Called Strike Dusty Ballard steals 2nd base 2-2: Ball 3-2: Ground out 6-3 (Groundball, 6, EV 80.6 MPH) Dusty Ballard to third
|
Batting: LHB Dillon Gonzalez
|
0-0: Swinging Strike 0-1: Ball 1-1: Ground out 4-3 (Groundball, 4, EV 88.1 MPH)
|
Bottom of the 3rd over - 0 runs, 0 hits, 1 error, 1 left on base; Iowa 1 - Syracuse 0 |
TOP OF THE 4TH |
Iowa Cubs batting - Pitching for Syracuse Chiefs : RHP Dan Johnson
|
Batting: SHB Gabriel Cruz
|
0-0: Ball 1-0: Foul Ball, location: 2F 1-1: Ball 2-1: Ground out 4-3 (Groundball, 4, EV 107.5 MPH)
|
Batting: RHB Adam O'Hare
|
0-0: Called Strike 0-1: Ball 1-1: Foul Ball, location: 2F 1-2: Ball 2-2: Ball 3-2: Foul Ball, location: 2F 3-2: Foul Ball, location: 2F 3-2: DOUBLE (Line Drive, 9LS, EV 103.8 MPH)
|
Batting: SHB Seung-ho Zhang
|
0-0: Ball 1-0: Ball 2-0: Foul Ball, location: 2F 2-1: Foul Ball, location: 2F 2-2: Ground out 6-3 (Groundball, 6MD, EV 106.2 MPH) Adam O'Hare to third
|
Batting: RHB Pat Barton
|
0-0: Swinging Strike 0-1: Called Strike 0-2: Ball 1-2: Fly out, F8 (Line Drive, 8LM, EV 105.6 MPH)
|
Top of the 4th over - 0 runs, 1 hit, 0 errors, 1 left on base; Iowa 1 - Syracuse 0 |
BOTTOM OF THE 4TH |
Syracuse Chiefs batting - Pitching for Iowa Cubs : RHP Dustin Buckner
|
Batting: LHB Doug Anderson
|
0-0: Called Strike 0-1: Ball 1-1: Called Strike 1-2: Ball 2-2: Strikes out swinging
|
Batting: RHB Kevin Whitenack
|
0-0: Swinging Strike 0-1: Swinging Strike 0-2: Ball 1-2: Foul Ball, location: 2F 1-2: Ball 2-2: Foul Ball, location: 2F 2-2: DOUBLE (Groundball, 5L, EV 101.2 MPH)
|
Pinch Runner at 2nd Paul Shell:
|
|
Batting: LHB Tom Reynolds
|
0-0: Ball Wild Pitch! Paul Shell to third 1-0: Foul Ball, location: 2F 1-1: Foul Ball, location: 2F 1-2: Ball 2-2: DOUBLE (Line Drive, 78D, EV 109.4 MPH) Paul Shell scores
|
Batting: RHB Nate Dickinson
|
0-0: Fly out, F9 (Flyball, 9LM, EV 93.8 MPH)
|
Batting: RHB Ryan Hiemer
|
0-0: Ball 1-0: SINGLE (Line Drive, 78S, EV 103.8 MPH) Tom Reynolds to third Runner from 3rd tries for Home, SAFE, throw by LF to home
|
Batting: RHB Gabe Almazan
|
0-0: Ball 1-0: Ball 2-0: Foul Ball, location: 2F 2-1: Called Strike 2-2: Ball 3-2: Foul Ball, location: 2F 3-2: Base on Balls Ryan Hiemer to second
|
Batting: RHB Dusty Ballard
|
0-0: Ball 1-0: Swinging Strike 1-1: Fly out, F9 (Flyball, 89D, EV 82.5 MPH)
|
Bottom of the 4th over - 2 runs, 3 hits, 0 errors, 2 left on base; Iowa 1 - Syracuse 2 |
TOP OF THE 5TH |
Iowa Cubs batting - Pitching for Syracuse Chiefs : RHP Dan Johnson
|
Now at 2B: Paul Shell
|
|
Now at 3B: Ryan Hiemer
|
|
Batting: RHB Rich Thurman
|
0-0: Ball 1-0: Ball 2-0: Ball 3-0: Called Strike 3-1: Foul Ball, location: 2F 3-2: Strikes out swinging
|
Batting: RHB Brian Gargis
|
0-0: Ball 1-0: Foul Ball, location: 2F 1-1: Called Strike 1-2: Foul Ball, location: 2F 1-2: Strikes out looking
|
Batting: RHB Jon Aguilar
|
0-0: Called Strike 0-1: Ball 1-1: Ball 2-1: Ball 3-1: SINGLE (Line Drive, 8LS, EV 106.9 MPH)
|
Batting: LHB Mark Ingram
|
0-0: Ball 1-0: Ball 2-0: Called Strike 2-1: Swinging Strike 2-2: Ground out 4-3 (Groundball, 34, EV 89.4 MPH)
|
Top of the 5th over - 0 runs, 1 hit, 0 errors, 1 left on base; Iowa 1 - Syracuse 2 |
BOTTOM OF THE 5TH |
Syracuse Chiefs batting - Pitching for Iowa Cubs : RHP Dustin Buckner
|
Batting: LHB Jae-ik Soung
|
0-0: Foul Ball, location: 2F 0-1: Ball 1-1: Ball 2-1: Swinging Strike 2-2: Ball 3-2: Strikes out looking
|
Pitching: LHP Bill Esten
|
|
Batting: LHB Dillon Gonzalez
|
0-0: Called Strike 0-1: Ball 1-1: Ball 2-1: SINGLE (Groundball, 4D, EV 114.4 MPH)
|
Batting: LHB Doug Anderson
|
0-0: Called Strike 0-1: Ball Dillon Gonzalez steals 2nd, throwing error, E2 Dillon Gonzalez to third 1-1: Ground out 6-3 (Groundball, 6, EV 80.6 MPH) Dillon Gonzalez scores
|
Batting: RHB Paul Shell
|
0-0: Ball 1-0: Fly out, F8 (Flyball, 89D, EV 100.0 MPH)
|
Bottom of the 5th over - 1 run, 1 hit, 1 error, 0 left on base; Iowa 1 - Syracuse 3 |
TOP OF THE 6TH |
Iowa Cubs batting - Pitching for Syracuse Chiefs : RHP Dan Johnson
|
Pitching: RHP Jose Barreras
|
|
Batting: RHB Ricardo Aguinaga
|
0-0: Ball 1-0: Ball 2-0: Ball 3-0: Base on Balls
|
Batting: SHB Gabriel Cruz
|
0-0: Called Strike 0-1: Foul Ball, location: 2F 0-2: Ball 1-2: Ball 2-2: Foul Ball, location: 2F 2-2: Ball 3-2: Base on Balls Ricardo Aguinaga to second
|
Batting: RHB Adam O'Hare
|
0-0: Called Strike 0-1: Ball Passed Ball! Ricardo Aguinaga to third Gabriel Cruz to second 1-1: Called Strike 1-2: Ball 2-2: Foul Ball, location: 2F 2-2: SINGLE (Groundball, 56D, EV 108.8 MPH) Ricardo Aguinaga scores Gabriel Cruz to third
|
Batting: SHB Seung-ho Zhang
|
0-0: Called Strike 0-1: SINGLE (Groundball, 34, EV 102.5 MPH) - runner OUT being hit by batted ball. (infield hit)
|
Batting: RHB Pat Barton
|
0-0: Ball 1-0: SINGLE (Flyball, 89M, EV 97.5 MPH) Gabriel Cruz scores Seung-ho Zhang to second
|
Batting: RHB Rich Thurman
|
0-0: Called Strike Seung-ho Zhang steals 3rd base 0-1: Ball 1-1: Ball 2-1: Grounds into double play, 6-4-3 (Groundball, 6M, EV 107.5 MPH)
|
Top of the 6th over - 2 runs, 3 hits, 0 errors, 1 left on base; Iowa 3 - Syracuse 3 |
BOTTOM OF THE 6TH |
Syracuse Chiefs batting - Pitching for Iowa Cubs : LHP Bill Esten
|
Batting: LHB Tom Reynolds
|
0-0: Foul Ball, location: 2F 0-1: Called Strike 0-2: Ball 1-2: Ball 2-2: Foul Ball, location: 2F 2-2: Ball 3-2: Ground out U3 (Groundball, 3, EV 100.0 MPH)
|
Batting: RHB Nate Dickinson
|
0-0: Ball 1-0: Called Strike 1-1: Swinging Strike 1-2: Fly out, F9 (Flyball, 9LSF, EV 91.9 MPH)
|
Batting: RHB Ryan Hiemer
|
0-0: Ball 1-0: Foul Ball, location: 2F 1-1: Ball 2-1: Ground out 4-3 (Groundball, 4M, EV 83.8 MPH)
|
Bottom of the 6th over - 0 runs, 0 hits, 0 errors, 0 left on base; Iowa 3 - Syracuse 3 |
TOP OF THE 7TH |
Iowa Cubs batting - Pitching for Syracuse Chiefs : RHP Jose Barreras
|
Batting: RHB Brian Gargis
|
0-0: Foul Ball, location: 2F 0-1: Ground out 4-3 (Groundball, 4, EV 99.4 MPH)
|
Batting: RHB Jon Aguilar
|
0-0: Foul Ball, location: 2F 0-1: Ground out 5-3 (Groundball, 15, EV 85.0 MPH)
|
Batting: LHB Mark Ingram
|
0-0: Called Strike 0-1: Foul Ball, location: 2F 0-2: Ball 1-2: Ball 2-2: Ground out 6-3 (Groundball, 56, EV 88.1 MPH)
|
Top of the 7th over - 0 runs, 0 hits, 0 errors, 0 left on base; Iowa 3 - Syracuse 3 |
BOTTOM OF THE 7TH |
Syracuse Chiefs batting - Pitching for Iowa Cubs : LHP Bill Esten
|
Pitching: RHP Miles Edwards
|
|
Batting: RHB Gabe Almazan
|
0-0: Swinging Strike 0-1: Swinging Strike 0-2: Ball 1-2: DOUBLE (Groundball, 5L, EV 104.4 MPH)
|
Batting: RHB Dusty Ballard
|
0-0: Ground out 6-3 (Groundball, 6, EV 99.4 MPH)
|
Batting: LHB Jae-ik Soung
|
0-0: Foul Ball, location: 2F 0-1: DOUBLE (Flyball, 8RXD, EV 106.2 MPH) Gabe Almazan scores
|
Batting: LHB Dillon Gonzalez
|
0-0: Called Strike 0-1: Foul Ball, location: 2F 0-2: Strikes out looking
|
Batting: LHB Doug Anderson
|
0-0: Called Strike 0-1: Called Strike 0-2: Ball 1-2: Strikes out swinging
|
Bottom of the 7th over - 1 run, 2 hits, 0 errors, 1 left on base; Iowa 3 - Syracuse 4 |
TOP OF THE 8TH |
Iowa Cubs batting - Pitching for Syracuse Chiefs : RHP Jose Barreras
|
Batting: RHB Ricardo Aguinaga
|
0-0: Called Strike 0-1: Called Strike 0-2: Ball 1-2: Foul Ball, location: 2F 1-2: Ball 2-2: Ball 3-2: Foul Ball, location: 2F 3-2: Ground out 4-3 (Groundball, 34, EV 100.6 MPH)
|
Batting: SHB Gabriel Cruz
|
0-0: Ball 1-0: Called Strike 1-1: Ball 2-1: Foul Ball, location: 2F 2-2: Ball 3-2: Fly out, F8 (Flyball, 8LM, EV 89.4 MPH)
|
Batting: RHB Adam O'Hare
|
0-0: Swinging Strike 0-1: Foul Ball, location: 2F 0-2: Foul Ball, location: 2F 0-2: Ball 1-2: Ball 2-2: Foul Ball, location: 2F 2-2: Ball 3-2: Strikes out looking
|
Top of the 8th over - 0 runs, 0 hits, 0 errors, 0 left on base; Iowa 3 - Syracuse 4 |
BOTTOM OF THE 8TH |
Syracuse Chiefs batting - Pitching for Iowa Cubs : RHP Miles Edwards
|
Batting: RHB Paul Shell
|
0-0: Ball 1-0: SINGLE (Groundball, 34S, EV 61.9 MPH) (infield hit)
|
Batting: LHB Tom Reynolds
|
0-0: Ball Paul Shell steals 2nd base (no throw) 1-0: Called Strike 1-1: Foul Ball, location: 2F 1-2: Ball 2-2: Ball 3-2: Ground out 6-3 (Groundball, 6, EV 90.6 MPH) Paul Shell to third
|
Batting: RHB Nate Dickinson
|
0-0: Foul Ball, location: 2F 0-1: Called Strike 0-2: Ball 1-2: Ground out 6-3 (Groundball, 6, EV 103.1 MPH)
|
Batting: RHB Ryan Hiemer
|
0-0: Swinging Strike 0-1: Called Strike 0-2: Foul Ball, location: 2F 0-2: Strikes out looking
|
Bottom of the 8th over - 0 runs, 1 hit, 0 errors, 1 left on base; Iowa 3 - Syracuse 4 |
TOP OF THE 9TH |
Iowa Cubs batting - Pitching for Syracuse Chiefs : RHP Jose Barreras
|
Pitching: RHP Jamie Verberkmoes
|
|
Batting: SHB Seung-ho Zhang
|
0-0: Ball 1-0: Called Strike 1-1: Ground out U3 (Groundball, 34S, EV 88.8 MPH)
|
Batting: RHB Pat Barton
|
0-0: Called Strike 0-1: Fly out, F7 (Line Drive, 7S, EV 86.9 MPH)
|
Pinch Hitting: LHB Sumiki Okuhara
|
0-0: Swinging Strike 0-1: Swinging Strike 0-2: Ball 1-2: Foul Ball, location: 2F 1-2: Strikes out swinging
|
Top of the 9th over - 0 runs, 0 hits, 0 errors, 0 left on base; Iowa 3 - Syracuse 4 |
|